SL
NORTHERN VIRGINIA RAINBOW MERMAIDS @ FT. WORTH CATTLEMEN
09/15/2027
 
TOP OF THE 1ST
Northern Virginia Rainbow Mermaids batting - Pitching for Ft. Worth Cattlemen : RHP Gustavo Pérez
Pitching: RHP Gustavo Pérez
Batting: LHB Chris Etheridge 0-0: Ball
1-0: Ball
2-0: Called Strike
2-1: Ball
3-1: Foul Ball, location: 2F
3-2: Base on Balls
Batting: LHB Francisco Ornelas 0-0: Called Strike
0-1: SINGLE (Groundball, 13S) (infield hit)
Chris Etheridge to second
Batting: RHB Brett Callison 0-0: Ball
1-0: Ball
2-0: Foul Ball, location: 2F
2-1: Foul Ball, location: 2F
2-2: Ball
3-2: Base on Balls
Chris Etheridge to third
Francisco Ornelas to second
Batting: RHB Arlen Joysey 0-0: Swinging Strike
0-1: Called Strike
0-2: Ball
1-2: Ball
2-2: Grounds into double play, 6-4-3 (Groundball, 6)
Chris Etheridge scores
Francisco Ornelas to third
Batting: LHB Roberto Sánchez 0-0: Ball
1-0: Ball
2-0: Foul Ball, location: 2F
2-1: SINGLE (Groundball, 34) (infield hit)
Francisco Ornelas scores
Batting: RHB Shohei Kiyomizu 0-0: Called Strike
Roberto Sánchez steals 2nd base
0-1: Ball
1-1: Fly out, F4 (Popup, 4D)
Top of the 1st over - 2 run(s), 2 hit(s), 0 error(s), 1 left on base; Northern Virginia 2 - Ft. Worth 0
BOTTOM OF THE 1ST
Ft. Worth Cattlemen batting - Pitching for Northern Virginia Rainbow Mermaids : RHP Ángel Navarro
Pitching: RHP Ángel Navarro
Batting: LHB Jesús Morales 0-0: Called Strike
0-1: SINGLE (Line Drive, 4MD)
Batting: SHB Robby Day 0-0: Called Strike
0-1: Called Strike
0-2: Ball
1-2: Foul Ball, location: 2F
1-2: Ball
2-2: Fielders Choice at 2nd, 1-6 (Groundball, P)
Batting: RHB Bart Lewis 0-0: Ball
1-0: Ball
2-0: Called Strike
2-1: Ball
3-1: Base on Balls
Robby Day to second
Batting: LHB Ryan Westlake 0-0: Ball
1-0: Foul Ball, location: 2F
1-1: Fly out, F7 (Flyball, 7LSF)
Batting: SHB Gregg Wagner 0-0: Ball
1-0: Ground out U3 (Groundball, 3)
Bottom of the 1st over - 0 run(s), 1 hit(s), 0 error(s), 2 left on base; Northern Virginia 2 - Ft. Worth 0
TOP OF THE 2ND
Northern Virginia Rainbow Mermaids batting - Pitching for Ft. Worth Cattlemen : RHP Gustavo Pérez
Batting: LHB Preston Witt 0-0: Ground out 4-3 (Groundball, 4)
Batting: LHB Munemori Ohara 0-0: Ball
1-0: Ball
2-0: Ball
3-0: Called Strike
3-1: Foul Ball, location: 2F
3-2: Foul Ball, location: 2F
3-2: Base on Balls
Batting: RHB Alfredo Pizarro 0-0: Called Strike
0-1: Ball
1-1: Foul Ball, location: 2F
1-2: Foul Ball, location: 2F
1-2: Strikes out swinging
Batting: LHB Chris Etheridge 0-0: Ball
Munemori Ohara is caught stealing 2nd base
Top of the 2nd over - 0 run(s), 0 hit(s), 0 error(s), 0 left on base; Northern Virginia 2 - Ft. Worth 0
BOTTOM OF THE 2ND
Ft. Worth Cattlemen batting - Pitching for Northern Virginia Rainbow Mermaids : RHP Ángel Navarro
Batting: LHB Nobuo Yamashita 0-0: SINGLE (Groundball, 3D)
Batting: RHB Tim Burney 0-0: Ball
1-0: Ball
2-0: Grounds into double play, 4-6-3 (Groundball, 4)
Batting: RHB Jesús Martínez 0-0: Called Strike
0-1: Ball
1-1: Foul Ball, location: 2F
1-2: Strikes out swinging
Bottom of the 2nd over - 0 run(s), 1 hit(s), 0 error(s), 0 left on base; Northern Virginia 2 - Ft. Worth 0
TOP OF THE 3RD
Northern Virginia Rainbow Mermaids batting - Pitching for Ft. Worth Cattlemen : RHP Gustavo Pérez
Batting: LHB Chris Etheridge 0-0: Ball
1-0: Foul Ball, location: 2F
1-1: Called Strike
1-2: Ground out 4-3 (Groundball, 34)
Batting: LHB Francisco Ornelas 0-0: Called Strike
0-1: Swinging Strike
0-2: Strikes out swinging
Batting: RHB Brett Callison 0-0: Called Strike
0-1: Ball
1-1: Foul Ball, location: 2F
1-2: Foul Ball, location: 2F
1-2: Ground out 3-1 (Groundball, 34)
Top of the 3rd over - 0 run(s), 0 hit(s), 0 error(s), 0 left on base; Northern Virginia 2 - Ft. Worth 0
BOTTOM OF THE 3RD
Ft. Worth Cattlemen batting - Pitching for Northern Virginia Rainbow Mermaids : RHP Ángel Navarro
Batting: RHB Santo Alba 0-0: Called Strike
0-1: Ball
1-1: Ball
2-1: Swinging Strike
2-2: Ground out 1-3 (Groundball, P)
Batting: LHB Jesús Morales 0-0: Ball
1-0: Fly out, F9 (Flyball, 9)
Batting: SHB Robby Day 0-0: Hit by Pitch
Batting: RHB Bart Lewis 0-0: Fly out, F9 (Flyball, 9)
Bottom of the 3rd over - 0 run(s), 0 hit(s), 0 error(s), 1 left on base; Northern Virginia 2 - Ft. Worth 0
TOP OF THE 4TH
Northern Virginia Rainbow Mermaids batting - Pitching for Ft. Worth Cattlemen : RHP Gustavo Pérez
Batting: RHB Arlen Joysey 0-0: Called Strike
0-1: Ball
1-1: Foul Ball, location: 2F
1-2: Ball
2-2: Foul Ball, location: 2F
2-2: Strikes out swinging
Batting: LHB Roberto Sánchez 0-0: Foul Ball, location: 2F
0-1: Ball
1-1: Swinging Strike
1-2: Foul Ball, location: 2F
1-2: Strikes out swinging, 2-3 out at first.
Batting: RHB Shohei Kiyomizu 0-0: Ball
1-0: Fly out, F2 (Popup, 3S)
Top of the 4th over - 0 run(s), 0 hit(s), 0 error(s), 0 left on base; Northern Virginia 2 - Ft. Worth 0
BOTTOM OF THE 4TH
Ft. Worth Cattlemen batting - Pitching for Northern Virginia Rainbow Mermaids : RHP Ángel Navarro
Batting: LHB Ryan Westlake 0-0: Ball
1-0: Ball
2-0: Fly out, F9 (Flyball, 9)
Batting: SHB Gregg Wagner 0-0: Called Strike
0-1: Fly out, F2 (Popup, 23)
Batting: LHB Nobuo Yamashita 0-0: Ball
1-0: Fly out, F4 (Popup, 4)
Bottom of the 4th over - 0 run(s), 0 hit(s), 0 error(s), 0 left on base; Northern Virginia 2 - Ft. Worth 0
TOP OF THE 5TH
Northern Virginia Rainbow Mermaids batting - Pitching for Ft. Worth Cattlemen : RHP Gustavo Pérez
Batting: LHB Preston Witt 0-0: Fly out, F4 (Line Drive, 4)
Batting: LHB Munemori Ohara 0-0: Fly out, F7 (Flyball, 7)
Batting: RHB Alfredo Pizarro 0-0: Called Strike
0-1: Swinging Strike
0-2: Ball
1-2: Strikes out swinging
Top of the 5th over - 0 run(s), 0 hit(s), 0 error(s), 0 left on base; Northern Virginia 2 - Ft. Worth 0
BOTTOM OF THE 5TH
Ft. Worth Cattlemen batting - Pitching for Northern Virginia Rainbow Mermaids : RHP Ángel Navarro
Batting: RHB Tim Burney 0-0: Fly out, F4 (Popup, 3D)
Batting: RHB Jesús Martínez 0-0: Ball
1-0: Ground out 5-3 (Groundball, 56S)
Batting: RHB Santo Alba 0-0: Swinging Strike
0-1: Swinging Strike
0-2: Ball
1-2: Ball
2-2: Ball
3-2: Strikes out swinging
Bottom of the 5th over - 0 run(s), 0 hit(s), 0 error(s), 0 left on base; Northern Virginia 2 - Ft. Worth 0
TOP OF THE 6TH
Northern Virginia Rainbow Mermaids batting - Pitching for Ft. Worth Cattlemen : RHP Gustavo Pérez
Batting: LHB Chris Etheridge 0-0: Called Strike
0-1: SINGLE (Flyball, 7S)
Batting: LHB Francisco Ornelas 0-0: Ball
1-0: Ball
2-0: Ball
3-0: Called Strike
3-1: Grounds into double play, 5-4-3 (Groundball, 56)
Batting: RHB Brett Callison 0-0: Ground out 3-1 (Groundball, 23)
Top of the 6th over - 0 run(s), 1 hit(s), 0 error(s), 0 left on base; Northern Virginia 2 - Ft. Worth 0
BOTTOM OF THE 6TH
Ft. Worth Cattlemen batting - Pitching for Northern Virginia Rainbow Mermaids : RHP Ángel Navarro
Batting: LHB Jesús Morales 0-0: Fly out, F7 (Flyball, 7S)
Batting: SHB Robby Day 0-0: Foul Ball, location: 2F
0-1: Ball
1-1: SINGLE (Flyball, 7S)
Batting: RHB Bart Lewis 0-0: Called Strike
0-1: Ball
1-1: Ground out U3 (Groundball, 3S)
Robby Day to second
Batting: LHB Ryan Westlake 0-0: Called Strike
0-1: Foul Ball, location: 2F
0-2: Ball
1-2: Reached on error, E3 (Groundball, 34)
Robby Day to third
Batting: SHB Gregg Wagner 0-0: Called Strike
0-1: Ball
1-1: Ball
2-1: Ball
3-1: Fly out, F7 (Flyball, 7LSF)
Bottom of the 6th over - 0 run(s), 1 hit(s), 1 error(s), 2 left on base; Northern Virginia 2 - Ft. Worth 0
TOP OF THE 7TH
Northern Virginia Rainbow Mermaids batting - Pitching for Ft. Worth Cattlemen : RHP Gustavo Pérez
Batting: RHB Arlen Joysey 0-0: Ball
1-0: Foul Ball, location: 2F
1-1: Foul Ball, location: 2F
1-2: Strikes out swinging
Batting: LHB Roberto Sánchez 0-0: Ball
1-0: Fly out, F9 (Line Drive, 9D)
Batting: RHB Shohei Kiyomizu 0-0: Foul Ball, location: 2F
0-1: Ball
1-1: Ball
2-1: Fly out, F2 (Popup, 5S)
Top of the 7th over - 0 run(s), 0 hit(s), 0 error(s), 0 left on base; Northern Virginia 2 - Ft. Worth 0
BOTTOM OF THE 7TH
Ft. Worth Cattlemen batting - Pitching for Northern Virginia Rainbow Mermaids : RHP Ángel Navarro
Batting: LHB Nobuo Yamashita 0-0: Called Strike
0-1: Ball
1-1: Foul Ball, location: 2F
1-2: Ball
2-2: Ball
3-2: Strikes out looking
Batting: RHB Tim Burney 0-0: Ball
1-0: Ball
2-0: SINGLE (Line Drive, 6D)
Batting: RHB Jesús Martínez 0-0: Swinging Strike
0-1: Swinging Strike
0-2: Fly out, F2 (Popup, 13)
Batting: RHB Santo Alba 0-0: Ball
1-0: Ball
2-0: Called Strike
2-1: Ball
3-1: Base on Balls
Tim Burney to second
Batting: LHB Jesús Morales 0-0: Called Strike
0-1: Swinging Strike
0-2: Ground out 1-3 (Groundball, 13S)
Bottom of the 7th over - 0 run(s), 1 hit(s), 0 error(s), 2 left on base; Northern Virginia 2 - Ft. Worth 0
TOP OF THE 8TH
Northern Virginia Rainbow Mermaids batting - Pitching for Ft. Worth Cattlemen : RHP Gustavo Pérez
Batting: LHB Preston Witt 0-0: Ball
1-0: Foul Ball, location: 2F
1-1: Ball
2-1: Ball
3-1: Base on Balls
Batting: LHB Munemori Ohara 0-0: Ball
1-0: Sac Bunt - play at first, batter OUT! 1-4
Preston Witt to second
Batting: RHB Alfredo Pizarro 0-0: SINGLE (Line Drive, 6MD)
Preston Witt to third
Runner from 3rd tries for Home, SAFE, throw made home
Batting: LHB Chris Etheridge 0-0: SINGLE (Groundball, 4MD)
Alfredo Pizarro to second
Batting: LHB Francisco Ornelas 0-0: Called Strike
0-1: Ball
1-1: Ball
2-1: Ball
3-1: Called Strike
3-2: Base on Balls
Alfredo Pizarro to third
Chris Etheridge to second
Batting: RHB Brett Callison 0-0: Called Strike
0-1: DOUBLE (Line Drive, 7LD)
Alfredo Pizarro scores
Chris Etheridge scores
Francisco Ornelas to third
Pitching: RHP Enrique Cortéz
Batting: RHB Arlen Joysey 0-0: Ball
1-0: Called Strike
1-1: Ball
2-1: Ball
3-1: Called Strike
3-2: Foul Ball, location: 2F
3-2: Foul Ball, location: 2F
3-2: Strikes out swinging
Batting: LHB Roberto Sánchez 0-0: Ball
1-0: Ball
2-0: SINGLE (Flyball, 8RS) - OUT at second base trying to stretch hit.
Francisco Ornelas scores
Brett Callison scores
Top of the 8th over - 5 run(s), 4 hit(s), 0 error(s), 0 left on base; Northern Virginia 7 - Ft. Worth 0
BOTTOM OF THE 8TH
Ft. Worth Cattlemen batting - Pitching for Northern Virginia Rainbow Mermaids : RHP Ángel Navarro
Now at 2B: Miguel Cruz
Now at SS: Lionel McCloud
Batting: SHB Robby Day 0-0: Fly out, F8 (Flyball, 8RM)
Batting: RHB Bart Lewis 0-0: Ball
1-0: Swinging Strike
1-1: Called Strike
1-2: Strikes out swinging
Batting: LHB Ryan Westlake 0-0: Ball
1-0: Fly out, F6 (Line Drive, 6)
Bottom of the 8th over - 0 run(s), 0 hit(s), 0 error(s), 0 left on base; Northern Virginia 7 - Ft. Worth 0
TOP OF THE 9TH
Northern Virginia Rainbow Mermaids batting - Pitching for Ft. Worth Cattlemen : RHP Enrique Cortéz
Batting: RHB Shohei Kiyomizu 0-0: Ball
1-0: Ball
2-0: Swinging Strike
2-1: DOUBLE (Line Drive, 8RXD)
Batting: LHB Preston Witt 0-0: Ball
1-0: Called Strike
1-1: Ball
2-1: Ground out 6-3 (Groundball, 6)
Batting: RHB Miguel Cruz 0-0: Called Strike
0-1: Ball
1-1: Foul Ball, location: 2F
1-2: Strikes out looking
Batting: RHB Alfredo Pizarro 0-0: Called Strike
0-1: Ball
1-1: Fly out, F9 (Line Drive, 9)
Top of the 9th over - 0 run(s), 1 hit(s), 0 error(s), 1 left on base; Northern Virginia 7 - Ft. Worth 0
BOTTOM OF THE 9TH
Ft. Worth Cattlemen batting - Pitching for Northern Virginia Rainbow Mermaids : RHP Ángel Navarro
Batting: SHB Gregg Wagner 0-0: Ball
1-0: Ball
2-0: Ball
3-0: Called Strike
3-1: Foul Ball, location: 2F
3-2: Base on Balls
Pitching: RHP David Hudson
Batting: LHB Nobuo Yamashita 0-0: Foul Ball, location: 2F
0-1: Swinging Strike
0-2: Strikes out looking
Batting: RHB Tim Burney 0-0: Ball
1-0: Called Strike
1-1: Ball
2-1: Ball
3-1: Called Strike
3-2: Foul Ball, location: 2F
3-2: Fly out, F9 (Flyball, 9S)
Batting: RHB Jesús Martínez 0-0: Ground out 4-3 (Groundball, 34)
Bottom of the 9th over - 0 run(s), 0 hit(s), 0 error(s), 1 left on base; Northern Virginia 7 - Ft. Worth 0
Saturday, May 26th, 2018 - OOTP Baseball 17.12 Build 75